 Dungeon Crawl Stone Soup version 0.28.0-53-g5a82cb258f (webtiles) character file.

Game seed: 14635802766125266456

81655 MiltankisOP the Phalangite (level 15, -8/105 HPs)
             Began as a Merfolk Monk on June 16, 2022.
             Was the Champion of Hepliaklqana.
             Mangled by an orc warlord
             ... wielding a +2 vorpal war axe
              (30 damage)
             ... on level 2 of the Orcish Mines.
             The game lasted 01:17:09 (23491 turns).

MiltankisOP the Phalangite (Merfolk Monk)          Turns: 23491, Time: 01:17:09

Health: -8/105     AC: 23    Str: 11    XL:     15   Next: 71%
Magic:  21/23      EV: 32    Int:  9    God:    Hepliaklqana [******]
Gold:   933        SH:  5    Dex: 25    Spells: 14/14 levels left

rFire   . . .      SeeInvis .   v - +4 bardiche (protect)
rCold   . . .      Faith    .   (shield currently unavailable)
rNeg    . . .      Spirit   .   y - +0 steam dragon scales
rPois   .          Reflect  +   N - +1 hat
rElec   .          Harm     .   x - +0 cloak
rCorr   .          Rampage  .   m - +0 pair of gloves
Will    +....                   (no boots)
Stlth   +++.......              f - amulet of reflection
HPRegen 0.27/turn               c - +4 ring of protection
MPRegen 0.18/turn               l - +4 ring of protection

@: under a protective aura
A: reduced essence, (nimble swimmer 2), mertail
a: Renounce Religion, Recall Ancestor, Ancestor Identity, Transference, Idealise


You were on level 2 of the Orcish Mines.
You worshipped Hepliaklqana.
Hepliaklqana was exalted by your worship.
You visited 4 branches of the dungeon, and saw 22 of its levels.

You collected 1538 gold pieces.
You spent 605 gold pieces at shops.

Inventory:

Hand Weapons
 v - a +4 bardiche of protection (weapon)
 C - a +6 halberd of freezing
 X - a +1 trident of protection
Missiles
 E - 2 throwing nets (quivered)
Armour
 m - a +0 pair of gloves (worn)
 t - a +0 kite shield
 x - a +0 cloak (worn)
 y - +0 steam dragon scales (worn)
 D - a +0 helmet
 N - a +1 hat (worn)
 O - a scarf of resistance
Jewellery
 a - a ring of flight
 b - an amulet of magic regeneration
 c - a +4 ring of protection (left hand)
 f - an amulet of reflection (around neck)
 i - a ring of wizardry
 l - a +4 ring of protection (right hand)
 q - a ring of willpower
 z - a ring of positive energy
 I - a ring of willpower
 S - a ring of fire
Wands
 p - a wand of iceblast (16)
 H - a wand of acid (3)
Scrolls
 e - 8 scrolls of teleportation
 h - a scroll of magic mapping {unknown}
 k - a scroll of vulnerability {unknown}
 o - 2 scrolls of identify
 r - a scroll of amnesia
 G - 5 scrolls of noise
 L - a scroll of fog {unknown}
 M - 5 scrolls of immolation {unknown}
 Q - 3 scrolls of enchant weapon
 T - a scroll of summoning {unknown}
 U - 3 scrolls of blinking {unknown}
 Y - 3 scrolls of enchant armour
 Z - 3 scrolls of fear
Potions
 d - 13 potions of curing
 g - 3 potions of lignification
 j - a potion of resistance
 n - 6 potions of heal wounds
 s - 4 potions of haste
 u - 3 potions of magic
 w - 3 potions of cancellation
 A - a potion of berserk rage
 B - 5 potions of flight
 F - 5 potions of degeneration
 J - 4 potions of mutation
 K - 2 potions of brilliance
 P - 5 potions of attraction
 R - a potion of might
 W - a potion of ambrosia


   Skills:
 + Level 10.8 Fighting
 - Level 24.0 Polearms
 - Level 21.2 Dodging
 - Level 2.3 Stealth
 - Level 11.0 Invocations


You had 14 spell levels left.
You didn't know any spells.
Your spell library contained the following spells:

 Spells                   Type           Power      Damage    Failure   Level
 Foxfire                  Conj/Fire      0%         2x1d4     38%         1
 Magic Dart               Conj           0%         1d3       38%         1
 Sandblast                Erth           0%         2d4       38%         1
 Shock                    Conj/Air       0%         1d3       38%         1
 Call Imp                 Summ           0%         N/A       52%         2
 Passwall                 Tmut/Erth      0%         N/A       52%         2
 Conjure Flame            Conj/Fire      0%         6-21      77%         3
 Inner Flame              Hex/Fire       0%         N/A       77%         3
 Mephitic Cloud           Conj/Pois/Air  0%         N/A       77%         3
 Stone Arrow              Conj/Erth      0%         3d7       77%         3
 Swiftness                Air            0%         N/A       77%         3
 Tukima's Dance           Hex            0%         N/A       77%         3
 Airstrike                Air            0%         N/A       99%         4
 Anguish                  Hex/Necr       0%         N/A       99%         4
 Flame Wave               Conj/Fire      0%         2d4       99%         4
 Blade Hands              Tmut           0%         N/A       100%        5
 Irradiate                Conj/Tmut      0%         3d14      100%        5
 Dragon Form              Tmut           0%         N/A       100%        7
 Enfeeble                 Hex            0%         N/A       100%        7


Dungeon Overview and Level Annotations

Branches:
Dungeon (13/15)            Temple (1/1) D:7            Lair (6/6) D:10
  Swamp (0/4) Lair:2        Snake (0/4) Lair:2        Slime (0/5) Lair:6
    Orc (2/2) D:12            Elf (0/3) Orc:2
 Vaults: D:13-14

Altars:
Ashenzari
Cheibriados
Dithmenos
Elyvilon
Fedhas
Gozag
Hepliaklqana
Kikubaaqudgha
Makhleb
Nemelex Xobeh
Okawaru
Qazlal
Ru
Sif Muna
Trog
Uskayaw
Vehumet
Wu Jian
Xom
Yredelemnul
Zin
The Shining One
Beogh
Jiyva
Lugonu

Shops:
D:7 =   D:12 ([   D:13 ?

Portals:
Abyss: Lair:6

Annotations:
D:10 exclusion: statue


Innate Abilities, Weirdness & Mutations

Your life essence is reduced to manifest your ancestor. (-10% HP)
((You are very nimble when in or above water. (Stealth+, EV+, Speed+++)))
Your lower body shifts to a powerful aquatic tail in water.


Message History

You hit the orc knight but do no damage.
The orc knight is severely wounded.
The orc knight hits you with a +0 war axe!
The orc knight hits Cynebald but does no damage.
Cynebald hits the orc knight with a +0 broad axe of flaming!
Cynebald burns the orc knight.
Cynebald hits the orc warlord with a +0 broad axe of flaming!
Cynebald burns the orc warlord.
You strike the helpless orc knight from behind!
You slash the orc knight!
You kill the orc knight!
The orc warlord hits Cynebald with a +2 vorpal war axe!!!
Cynebald is destroyed!
The orc warlord barely misses you.
You hit the orc.
The orc is lightly wounded.
The orc closely misses you. The orc warlord completely misses you.
You slash the orc!
You kill the orc!
The orc warlord hits you with a +2 vorpal war axe!
Items here: ))) [ †.
You barely miss the orc warlord.
The orc warlord is severely wounded.
The orc warlord misses you.
You completely miss the orc warlord.
The orc warlord is severely wounded.
The orc warlord completely misses you.
You hit the orc warlord but do no damage.
The orc warlord is severely wounded.
You barely miss the orc warlord.
The orc warlord is severely wounded.
The orc warlord completely misses you.
You slash the orc warlord!
The orc warlord is severely wounded.
The orc warlord hits you with a +2 vorpal war axe!!!
* * * LOW HITPOINT WARNING * * *
You hit the orc warlord.
The orc warlord is severely wounded.
The orc warlord hits you with a +2 vorpal war axe!!
You die...

..............[......#
..............[.....## ....
#.................### #.....$
#....#............# #........
............##...###### #........
.....#........##...##.###.......#
...[)...........)....).##.....$.
..).........#..[o)..#[.......$.#
#..[...........<@[..[#......#..
...............[#######.o...#
...[............# #[[...#
...............## #8).)8#
......##.....#.## #.))..#
.###.##.....#...# #..)..#
..#..##.....#...# ..........#
.#.......#.###.## #..)).....##
#.....#......### .............


You could see an orc warlord (strong).

Vanquished Creatures
  Gastronok (Orc:1)
  An orc warlord (Orc:1)
  5 hydras
  Harold (D:7)
  A catoblepas (Lair:5)
  5 two-headed ogres
  Erica (Lair:2)
  5 death yaks (Lair:5)
  A thrashing horror (Lair:6)
  An orc high priest (Orc:2)
  Nergalle (Orc:1)
  A large abomination (Lair:6)
  Pikel (D:7)
  A bog body (Lair:2)
  An orc knight (Orc:2)
  2 ugly things (Lair:6)
  A cyclops (D:12)
  An orc sorcerer (Orc:2)
  A manticore (Lair:5)
  Maurice (D:9)
  5 elephants
  A black mamba (Lair:2)
  A guardian serpent (D:12)
  2 gargoyles
  11 cane toads
  3 unseen horrors
  A cane toad (shapeshifter) (Lair:6)
  7 rime drakes
  6 komodo dragons
  An ancient zyme (Lair:6)
  3 trolls
  A polar bear (Lair:1)
  16 blink frogs
  3 dream sheep (Lair:4)
  A hornet (D:9)
  A spriggan (Lair:6)
  2 shadows (D:11)
  2 fire bats (Lair:6)
  53 yaks
  2 wraiths (D:10)
  8 wyverns
  A ynoxinul (Lair:6)
  5 basilisks
  A chaos spawn (Lair:6)
  3 vampire mosquitoes (D:12)
  Grum (D:9)
  Menkaure (D:7)
  3 steam dragons
  3 wargs
  3 acid dragons
  4 nagas (Lair:2)
  2 swamp worms (Lair:2)
  6 water moccasins
  A hell hound (Lair:5)
  An ice beast (D:6)
  3 black bears
  14 orc warriors
  A sky beast (D:6)
  26 wolves
  7 small abominations (Lair:6)
  3 centaurs
  2 ogres
  2 kobold brigands
  11 bullfrogs
  3 scorpions
  A water moccasin zombie (D:5)
  2 killer bees (D:9)
  2 water moccasin skeletons (D:4)
  4 wights (D:7)
  5 electric eels
  A howler monkey (D:11)
  5 centaur zombies
  4 jellies
  A centaur skeleton (D:7)
  8 hounds
  2 gnoll shamans
  13 orc priests
  4 iguanas
  Ijyb (D:3)
  12 orc wizards
  A scorpion zombie (D:5)
  3 hell rats (Lair:5)
  A killer bee zombie (D:7)
  A hound zombie (D:5)
  A howler monkey zombie (D:10)
  6 adders
  11 gnolls
  A howler monkey skeleton (D:4)
  A shadow imp (D:5)
  A white imp (D:5)
  3 ufetubi (D:5)
  2 worms (D:2)
  A dart slug (D:1)
  40 orcs
  6 endoplasms
  5 giant cockroaches
  6 hobgoblins
  11 jackals
  15 kobolds
  2 quokkas
  6 ball pythons
  6 bats
  5 frilled lizards
  4 goblins
  3 rats
477 creatures vanquished.

Vanquished Creatures (collateral kills)
  5 hydras
  A catoblepas (Lair:5)
  2 boulder beetles
  A centaur warrior (D:10)
  2 two-headed ogres (D:12)
  Urug (Orc:1)
  2 thrashing horrors (Lair:6)
  2 ugly things (Lair:6)
  2 orc knights (Orc:2)
  2 manticores
  2 elephants (Lair:3)
  Joseph (D:9)
  3 centaur zombies
  A smoke demon (Lair:6)
  A gargoyle (D:10)
  3 cane toads
  2 rime drakes
  3 komodo dragons
  An unseen horror (shapeshifter) (D:11)
  A polar bear (Lair:5)
  A troll (D:10)
  3 blink frogs
  3 dream sheep (Lair:4)
  A shadow (D:9)
  A spriggan (Lair:6)
  A jumping spider (shapeshifter) (D:10)
  2 wyverns (Lair:5)
  2 ynoxinuls (Lair:6)
  19 yaks
  5 basilisks
  A chaos spawn (Lair:6)
  A vampire mosquito (D:12)
  A swamp worm (Lair:2)
  A naga (Lair:2)
  2 water moccasins
  3 small abominations (Lair:6)
  16 orc warriors
  7 wolves
  4 ogres (Orc:1)
  A centaur (D:10)
  Blork the orc (Orc:2)
  A bullfrog (Lair:1)
  3 killer bees (D:9)
  2 electric eels
  A hound (Lair:1)
  A jelly (Lair:6)
  An orc priest (Orc:2)
  10 orc wizards
  3 hell rats (Lair:5)
  2 gnolls (D:9)
  11 orcs
  A kobold (D:10)
  A fire vortex (Lair:6)
151 creatures vanquished.

Vanquished Creatures (others)
  7 knights
  29 fungi
  61 plants
97 creatures vanquished.

Grand Total: 725 creatures vanquished

Notes
Turn   | Place    | Note
-------+----------+-------------------------------------------
     0 | D:1      | MiltankisOP the Merfolk Monk began the quest for the Orb.
     0 | D:1      | Reached XP level 1. HP: 18/18 MP: 1/1
   409 | D:1      | Reached XP level 2. HP: 24/24 MP: 2/2
   668 | D:1      | Reached skill level 5 in Dodging
   784 | D:1      | Reached XP level 3. HP: 22/29 MP: 3/3
  1643 | D:2      | Reached XP level 4. HP: 35/35 MP: 4/4
  1841 | D:2      | Found a faded altar of an unknown god.
  2859 | D:3      | Noticed Ijyb
  2887 | D:3      | Killed Ijyb
  2888 | D:3      | Reached skill level 5 in Polearms
  2888 | D:3      | Reached XP level 5. HP: 29/41 MP: 5/5
  3222 | D:4      | Reached skill level 6 in Polearms
  3238 | D:4      | Found a shimmering blue altar of Sif Muna.
  3395 | D:4      | Reached skill level 7 in Polearms
  3395 | D:4      | Reached XP level 6. HP: 33/47 MP: 6/6
  4166 | D:4      | Reached skill level 8 in Polearms
  4247 | D:4      | Found a burning altar of Makhleb.
  4389 | D:5      | Entered Level 5 of the Dungeon
  4397 | D:5      | Noticed a black bear
  4406 | D:5      | Killed a black bear
  4407 | D:5      | Reached skill level 5 in Fighting
  4407 | D:5      | Reached XP level 7. HP: 56/56 MP: 7/7
  5285 | D:6      | Reached skill level 9 in Polearms
  5285 | D:6      | Reached XP level 8. HP: 67/67 MP: 8/8
  5583 | D:6      | Reached skill level 10 in Polearms
  5855 | D:6      | Reached skill level 11 in Polearms
  6090 | D:6      | Noticed a wyvern
  6116 | D:6      | Killed a wyvern
  6117 | D:6      | Reached skill level 12 in Polearms
  6411 | D:6      | Reached skill level 13 in Polearms
  6411 | D:6      | Reached XP level 9. HP: 72/72 MP: 9/9
  6627 | D:7      | Found Mogasm's Jewellery Emporium.
  6734 | D:7      | Noticed Pikel
  6763 | D:7      | Killed Pikel
  6764 | D:7      | Reached skill level 14 in Polearms
  6768 | D:7      | Noticed Menkaure
  6789 | D:7      | Killed Menkaure
  7050 | D:7      | Noticed Harold
  7068 | D:7      | Identified 2 scrolls of acquirement
  7068 | D:7      | Acquired a +6 halberd of freezing
  7188 | D:7      | Acquired a +4 bardiche of protection
  7496 | D:7      | Killed Harold
  7497 | D:7      | Reached XP level 10. HP: 48/79 MP: 10/10
  7757 | D:7      | Found a staircase to the Ecumenical Temple.
  7766 | Temple   | Entered the Ecumenical Temple
  7855 | Temple   | Became a worshipper of Hepliaklqana the Forgotten
  7855 | Temple   | Reached * piety under Hepliaklqana
  7855 | Temple   | Reached ** piety under Hepliaklqana
  8534 | D:8      | Remembered your ancestor Cynebald as a knight
  8558 | D:8      | Noticed a two-headed ogre
  8567 | D:8      | Killed a two-headed ogre
  9066 | D:8      | Identified the +0 helmet of the Assorted Thickets {Harm rC+
                  | rN+ Int+2}
  9342 | D:9      | Noticed Joseph
  9368 | D:9      | Killed Joseph
  9696 | D:9      | Noticed Grum
  9707 | D:9      | Killed Grum
  9789 | D:9      | Found a glowing silver altar of Zin.
  9812 | D:9      | Reached *** piety under Hepliaklqana
  9918 | D:9      | Reached skill level 15 in Polearms
 10123 | D:9      | Noticed Maurice
 10128 | D:9      | Killed Maurice
 10129 | D:9      | Reached skill level 16 in Polearms
 10129 | D:9      | Reached XP level 11. HP: 75/75 MP: 11/11
 10297 | D:9      | Reached skill level 17 in Polearms
 10602 | D:10     | Entered Level 10 of the Dungeon
 10847 | D:10     | Found a radiant altar of Vehumet.
 10862 | D:10     | Reached **** piety under Hepliaklqana
 11169 | D:11     | Reached skill level 18 in Polearms
 11301 | D:11     | Noticed a two-headed ogre
 11307 | D:11     | Killed a two-headed ogre
 11789 | D:11     | Noticed a manticore
 11795 | D:11     | Killed a manticore
 11796 | D:11     | Reached skill level 19 in Polearms
 11891 | D:12     | Reached ***** piety under Hepliaklqana
 12080 | D:10     | Found a staircase to the Lair.
 12190 | D:10     | Reached skill level 20 in Polearms
 12208 | D:10     | Reached XP level 12. HP: 72/81 MP: 12/12
 12276 | D:10     | Found the +3 hat of Pondering {ponderous, Will+ MP+10
                  | Int+5}
 12276 | D:10     | Noticed a centaur warrior
 12283 | D:10     | Killed a centaur warrior
 12354 | D:10     | Reached skill level 21 in Polearms
 12394 | D:10     | Noticed a two-headed ogre
 12395 | D:10     | Noticed a two-headed ogre
 12400 | D:10     | Killed a two-headed ogre
 12410 | D:10     | Killed a two-headed ogre
 12411 | D:10     | Noticed a two-headed ogre
 12416 | D:10     | Killed a two-headed ogre
 12417 | D:10     | Reached skill level 22 in Polearms
 12721 | D:12     | Noticed a two-headed ogre
 12728 | D:12     | Killed a two-headed ogre
 12758 | D:12     | Noticed a two-headed ogre
 12766 | D:12     | Noticed a seven-headed hydra
 12776 | D:12     | Killed a two-headed ogre
 12790 | D:12     | Killed an eight-headed hydra
 12791 | D:12     | Reached skill level 23 in Polearms
 13173 | D:12     | Reached skill level 24 in Polearms
 13309 | D:12     | Found Cidonwa's Armour Emporium.
 13312 | D:12     | Found a staircase to the Orcish Mines.
 13316 | D:12     | Found Kerivakh's Weapon Emporium.
 13325 | D:12     | Reached XP level 13. HP: 86/86 MP: 13/13
 13333 | D:12     | Bought a +1 trident of protection for 156 gold pieces
 13639 | D:13     | Found Haxt's Magic Scroll Boutique.
 13642 | D:13     | Bought a scroll of fear for 59 gold pieces
 13642 | D:13     | Bought a scroll of identify for 34 gold pieces
 13642 | D:13     | Bought a scroll of identify for 34 gold pieces
 13642 | D:13     | Bought a scroll of enchant armour for 127 gold pieces
 13642 | D:13     | Bought a scroll of identify for 34 gold pieces
 13642 | D:13     | Bought a scroll of torment for 127 gold pieces
 13642 | D:13     | Bought a scroll of identify for 34 gold pieces
 13797 | Lair:1   | Entered Level 1 of the Lair of Beasts
 13830 | Lair:1   | Reached skill level 15 in Dodging
 14987 | Lair:2   | Noticed Erica
 14992 | Lair:2   | Killed Erica
 15276 | Lair:2   | Found a staircase to the Snake Pit.
 15486 | Lair:2   | Reached ****** piety under Hepliaklqana
 15849 | Lair:2   | Reached XP level 14. HP: 92/92 MP: 14/14
 16007 | Lair:2   | Found a staircase to the Swamp.
 17748 | Lair:4   | Reached skill level 1 in Invocations
 18456 | Lair:5   | Reached skill level 5 in Invocations
 19532 | Lair:5   | Reached XP level 15. HP: 93/97 MP: 21/21
 19859 | Lair:6   | Entered Level 6 of the Lair of Beasts
 19873 | Lair:6   | Found a hide-covered altar of Uskayaw.
 19881 | Lair:6   | Found a runed translucent door.
 19992 | Lair:6   | Found a viscous altar of Jiyva.
 20257 | Lair:6   | Found an ornate altar of the Wu Jian Council.
 20329 | Lair:6   | Reached skill level 10 in Invocations
 20863 | Lair:6   | Found a corrupted altar of Lugonu.
 20863 | Lair:6   | Found a one-way gate to the infinite horrors of the Abyss.
 21358 | Lair:6   | Found a staircase to the Slime Pits.
 21546 | Orc:1    | Entered Level 1 of the Orcish Mines
 21605 | Orc:1    | Noticed an orc warlord
 21619 | Orc:1    | Killed an orc warlord
 21693 | Orc:2    | Entered Level 2 of the Orcish Mines
 21693 | Orc:2    | Found a staircase to the Elven Halls.
 21875 | Orc:1    | Noticed Urug
 21880 | Orc:1    | Noticed Gastronok
 21881 | Orc:1    | Killed Urug
 22097 | Orc:1    | Killed Gastronok
 22296 | Orc:2    | Noticed Nergalle
 22381 | Orc:1    | Reached skill level 10 in Fighting
 22889 | Orc:1    | Killed Nergalle
 23164 | Orc:2    | Noticed an orc warlord
 23165 | Orc:2    | Noticed Blork the orc
 23172 | Orc:2    | Killed Blork the orc
 23491 | Orc:2    | Mangled by an orc warlord

Illustrated notes

Levels and vault maps discovered:
D:1:      dpeg_arrival_central, layout_loops_ring, minmay_pentomino_v4
D:2:      minmay_evil_eye, layout_loops_ring,
          hellmonk_ecumenical_altar_leap_of_faith
D:3:      minmay_inner_zag, layout_basic, uniq_ijyb
D:4:      layout_loops_corners, makhleb_heckhound_becter,
          nicolae_sif_muna_condensation
D:5:      layout_rooms
D:6:      layout_cave_pods
D:7:      nicolae_cairo_tiling_large, layout_basic, lemuel_temple_firewalk_b,
          serial_shops, kennysheep_mini_moat, uniq_harold, uniq_pikel,
          uniq_menkaure
D:8:      layout_loops_corners, water_maze_lemuel
D:9:      layout_gridville, zin_academy, corexii_leaking_fountain, uniq_maurice,
          uniq_joseph, uniq_grum
D:10:     kennysheep_windowed_halls, layout_basic, vehumet_statue,
          david_lair_shrubbed
D:11:     layout_irregular_city, nrook_uturn
D:12:     layout_irregular_city, orc_david_3, nrook_guardian_serpent_ordinary
D:13:     layout_irregular_city, serial_shops, nicolae_shop_window_shopping,
          uniq_azrael, uniq_snorg
Temple:   regret_index_temple_mists
Lair:1:   beast_lair_carwin_large_4, layout_cave_pods
Lair:2:   layout_chaotic_city, nicolae_swamp_entry_splash_gauntlet,
          minmay_snake_entry_guardpost_medium, chequers_serial_rivers_micro_b,
          uniq_erica
Lair:3:   layout_cave_shapes
Lair:4:   layout_long_grid, nzn_random_ring, grunt_megastairs_3,
          serial_bayou_shore_b
Lair:5:   nzn_motion_control, layout_concentric_octagons, special_room
          [special_room_mythical_zoo], serial_bayou_pond_b
Lair:6:   hellmonk_lair_end_abyssal_woods, layout_gridlike, slime_altar_2,
          nzn_masters_of_martial_movement
Orc:1:    layout_caves, basic_altar, uniq_gastronok, uniq_urug
Orc:2:    grunt_orc_cross, layout_caves, basic_altar

Skill      XL: |  1  2  3  4  5  6  7  8  9 10 11 12 13 14 15 |
---------------+----------------------------------------------+-----
Dodging        | 5 6 7 11 14 19 21 | 21.2
Polearms       | 5 7 8 9 13 14 16 20 24 | 24.0
Fighting       | 5 7 10 | 10.8
Invocations    | 8 11 | 11.0
Stealth        | |  2.3

Action                   |  1- 3 |  4- 6 |  7- 9 | 10-12 | 13-15 || total
-------------------------+-------+-------+-------+-------+-------++-------
Melee: Spear             |   177 |    80 |       |       |       ||   257
       Punch             |     2 |     2 |     5 |       |       ||     9
       Trident           |       |   158 |   337 |       |    87 ||   582
       Bardiche          |       |       |    24 |   396 |   999 ||  1419
       Halberd           |       |       |     6 |       |       ||     6
       Tailslap          |       |       |       |       |     8 ||     8
Invok: Recall Ancestor   |       |       |       |     1 |     1 ||     2
       Ancestor Life: Kn |       |       |       |     1 |       ||     1
       Idealise          |       |       |       |       |     5 ||     5
       Transference      |       |       |       |       |     2 ||     2
Evoke: Wand              |       |     1 |       |     9 |    10 ||    20
  Use: Scroll            |       |       |     6 |     8 |    13 ||    27
       Potion            |       |       |       |       |     2 ||     2
 Stab: Sleeping          |     9 |     6 |     8 |    13 |    14 ||    50
       Held in net/web   |       |       |     4 |       |       ||     4
       Distracted        |       |       |       |     4 |    19 ||    23
       Fleeing           |       |       |       |       |     1 ||     1
Armor: Robe              |    20 |    36 |    62 |       |       ||   118
       Steam dragon scal |       |       |    42 |   107 |   184 ||   333
Dodge: Dodged            |    95 |   104 |   207 |   318 |   902 ||  1626
Block: Other             |    25 |    38 |    57 |    75 |   188 ||   383
       Reflection        |       |     1 |     5 |     5 |     2 ||    13
